 Dungeon Crawl Stone Soup version 0.17-a0-1648-g0a089d4 (webtiles) character file.

62 urechis the Conjurer (level 4, 20/24 HPs)
             Began as a Gargoyle Wizard on Aug 12, 2015.
             Quit the game on level 2 of the Dungeon.
             The game lasted 00:02:16 (1166 turns).

urechis the Conjurer (Gargoyle Wizard)              Turns: 1166, Time: 00:02:16

Health: 20/24      AC:  5    Str: 11    XL:     4   Next: 8%
Magic:  8/8        EV: 11    Int: 19    God:
Gold:   33         SH:  0    Dex:  8    Spells: 1 memorised, 8 levels left

rFire  . . .     SeeInvis .     h - +2 whip (freeze)
rCold  . . .     Clarity  .     a - +0 robe
rNeg   + . .     SustAt   .     (no shield)
rPois  ∞         Gourm    .     b - +0 hat
rElec  +         Spirit   .     (no cloak)
rCorr  .         Warding  .     (no gloves)
rMut   .         Stasis   .     (no boots)
MR     .....                    (no amulet)
Stlth  ++........               (no ring)
                                (no ring)

@: not resistant to hostile enchantments, unstealthy
A: negative energy resistance 1, electricity resistance, unbreathing,
petrification resistance, rot immunity, AC +3
a: no special abilities


You were on level 2 of the Dungeon.
You were not hungry.

You visited 1 branch of the dungeon, and saw 2 of its levels.

You collected 33 gold pieces.

Inventory:

Hand weapons
 h - a +2 whip of freezing (weapon)
Armour
 a - a +0 robe (worn)
 b - a +0 hat (worn)
Potions
 f - a potion of curing {unknown}
Books
 c - a book of Minor Magic

   Spells                             Type                      Level
   a - Magic Dart                     Conjuration                  1
   b - Blink                          Translocation                2
   c - Call Imp                       Summoning                    2
   d - Repel Missiles                 Charms/Air                   2
   e - Slow                           Hexes                        2
   f - Conjure Flame                  Conjuration/Fire             3
   g - Mephitic Cloud                 Conjuration/Poison/Air       3
Comestibles
 d - a bread ration
 g - a slice of pizza


   Skills:
 - Level 1.5 Dodging
 - Level 2.1 Stealth
 - Level 3.0 Spellcasting
 + Level 4.1 Conjurations
   Level 0.8 Summonings
   Level 0.8 Translocations


You had 8 spell levels left.
You knew the following spells:

 Your Spells              Type           Power        Failure   Level  Hunger
a - Magic Dart            Conj           ###.         3%          1    None


Dungeon Overview and Level Annotations

Branches:
Dungeon (2/15)

Altars:
Elyvilon


Innate Abilities, Weirdness & Mutations

You are resistant to torment.
Your stone body is resilient (AC +3).
You are immune to poison.
You resist negative energy.
You are resistant to electric shocks.
You can survive without breathing.
You are immune to petrification.
You are immune to rotting.


Message History

The kobold shouts!
There are monsters nearby!
There are monsters nearby!
There are monsters nearby!
You closely miss the kobold. The kobold closely misses you.
You hit the kobold. You freeze the kobold.
You kill the kobold!
Your Conjurations skill increases to level 4!
The adder closely misses you.
You hit the adder. You freeze the adder.
The adder seems to slow down.
The adder is severely wounded.
The adder misses you.
You barely miss the adder.
The adder is severely wounded.
The adder bites you.
You hit the adder. You freeze the adder.
You kill the adder!
You have reached level 4!
You feel stronger.
Are you sure you want to abandon this character and quit the game? (Confirm with "yes".)

# ...# # ###.#####.## #
#............ #.#.#.#.#.#.#.
####..............#
........⌠.....⌠....
#.##......._....... #.#
#...⌠†....⌠...# #.#
#...@.........# #.#
#.#.#.#.#.#.#.# #.#
#.............###<# #########.#
##.####.........#.#
........#.####.# #.....#.#.#.#
#######........####.....#.....#
###.#.........#.####...##
####### #.#.########...##8...8#
......# #.#.# #.†.#.##...##


There were no monsters in sight!

Vanquished Creatures
  A gnoll (D:1)
  3 adders (D:2)
  A ball python (D:1)
  4 giant cockroaches
  5 hobgoblins
  3 kobolds
  5 bats
  3 giant newts (D:1)
  2 goblins
  5 rats
32 creatures vanquished.

Notes
Turn   | Place    | Note
--------------------------------------------------------------
     0 | D:1      | urechis the Gargoyle Wizard began the quest for the Orb.
     0 | D:1      | Reached XP level 1. HP: 10/10 MP: 4/4
    35 | D:1      | Reached XP level 2. HP: 4/15 MP: 0/6
   506 | D:1      | Reached XP level 3. HP: 19/19 MP: 7/7
  1139 | D:2      | Found a white marble altar of Elyvilon.
  1161 | D:2      | Reached skill level 4 in Conjurations
  1165 | D:2      | Reached XP level 4. HP: 20/24 MP: 8/8
  1166 | D:2      | Quit the game

Vault maps used:
D:1:      dpeg_arrival_simpleton_a
D:2:      elyvilon_altar_5, corexii_hall_statues_x

Action                   |  1- 3 |  4- 6 || total
-------------------------+-------+-------++-------
Melee: Unarmed           |    13 |       ||    13
       Club              |    21 |       ||    21
       Whip              |    37 |       ||    37
 Cast: Magic Dart        |    38 |       ||    38
 Stab: Sleeping          |     2 |       ||     2
  Eat: Chunk             |     1 |       ||     1
